Map: Automaton LE

Players

Rob

  • Race: Protoss Protoss
  • League: Grandmaster
  • Spawn Location: 3:00

Jason - Winner!

  • Race: Terran Terran
  • League: Grandmaster
  • Spawn Location: 9:00

VOD

Have the link to the VOD?

Description

Time

  • Played on: May 13, 2019, 12:47 p.m.
  • Length: 14:45
Show
View Real Time Build Order
Export as new Build Order

Rob Protoss 

Build Orders: 1 Gate Expand 

Get SALT Encoding   

  12  0:00  Probe  
  13  0:12  Probe  
  14  0:21  Pylon  
  14  0:24  Probe  
  15  0:39  Probe  
  16  0:45  Gateway  
  16  0:48  Assimilator  
  16  0:49  Probe  
  17  0:58  Probe  
  18  1:06  Probe  
  19  1:18  Probe  
  20  1:30  Probe  
  21  1:32  Cybernetics Core  
  21  1:41  Nexus  
  21  1:49  Pylon  
  21  1:50  Probe  
  22  1:59  Assimilator  
  22  2:03  Assimilator, Adept  
  22  2:04  Probe  
  23  2:14  Warp Gate  
  24  2:18  Probe  
  25  2:23  Adept  
  25  2:30  Probe  
  28  2:42  Probe  
  29  2:51  Stalker  
  29  2:53  Probe  
  29  2:54  Stargate, Probe  
  33  3:05  Probe  
  33  3:06  Probe  
  33  3:10  Pylon  
  35  3:18  Probe  
  36  3:25  Probe  
  37  3:30  Probe  
  37  3:31  Stalker  
  40  3:36  Probe  
  41  3:42  Probe  
  41  3:44  Probe  
  41  3:46  Shield Battery  
  43  3:49  Gateway  
  43  3:52  Gateway  
  43  3:54  Probe  
  44  3:56  Probe  
  44  4:00  Oracle  
  45  4:09  Probe x2  
  50  4:20  Stalker  
  50  4:22  Probe x2  
  54  4:25  Assimilator  
  54  4:31  Pylon  
  54  4:35  Nexus  
  54  4:36  Oracle  
  53  4:47  Probe  
  53  4:49  Probe  
  53  4:52  Stalker, Pylon  
  57  4:59  Stalker  
  59  5:00  Stalker  
  59  5:02  Probe  
  59  5:06  Twilight Council  
  62  5:11  Forge  
  62  5:15  Probe x2  
  64  5:27  Oracle, Probe x2  
  66  5:29  Resonating Glaives  
  66  5:34  Pylon  
  66  5:35  Protoss Ground Weapons Level 1, Gateway  
  66  5:37  Gateway  
  66  5:40  Probe  
  70  5:46  Probe  
  70  5:49  Probe  
  72  5:52  Probe  
  73  5:58  Probe  
  73  6:01  Probe  
  75  6:09  Adept x2  
  75  6:10  Adept  
  75  6:11  Probe x2  
  83  6:13  Probe  
  83  6:15  Gateway  
  83  6:18  Gateway  
  84  6:26  Pylon  
  84  6:27  Assimilator, Probe x2  
  86  6:42  Adept x3  
  86  6:46  Pylon  
  92  6:47  Pylon, Adept x2  
  92  6:50  Probe x3  
  99  7:01  Gateway  
  99  7:02  Gateway  
  99  7:04  Assimilator  
  99  7:06  Adept  
  99  7:07  Adept x3  
  99  7:08  Adept  
  109  7:11  Robotics Facility  
  109  7:12  Adept  
  109  7:14  Adept  
  109  7:15  Assimilator  
  113  7:17  Shield Battery  
  113  7:30  Protoss Ground Armor Level 1  
  113  7:36  Adept x2  
  117  7:42  Pylon  
  117  7:43  Pylon  
  117  7:44  Pylon  
  117  7:45  Pylon  
  117  7:51  Templar Archives  
  117  7:57  Nexus  
  117  7:58  Pylon  
  117  8:00  Probe  
  117  8:05  Adept x6  
  130  8:07  Adept  
  132  8:24  Psionic Storm  
  132  8:28  High Templar x2  
  132  8:29  Adept  
  132  8:30  Adept x5  
  148  8:40  Adept  
  150  8:41  Probe x2  
  150  8:42  Probe  
  149  9:01  Forge  
  149  9:03  Adept  
  149  9:04  Adept x3  
  149  9:05  Robotics Bay  
  149  9:07  Pylon  
  149  9:08  Pylon  
  149  9:09  Adept x4  
  165  9:16  Probe x2  
  167  9:18  Robotics Facility  
  167  9:20  Adept  
  169  9:31  High Templar x4  
  173  9:34  Assimilator  
  173  9:36  Assimilator  
  177  9:58  Shield Battery  
  177  10:00  Shield Battery  
  177  10:02  Shield Battery  
  177  10:04  Shield Battery  
  177  10:06  Shield Battery  
  177  10:08  Adept x5  
  179  10:28  Adept x5  
  179  10:32  Pylon  
  179  10:34  Pylon  
  187  10:36  Pylon  
  179  10:43  Adept x4  
  177  10:54  Adept x5  
  175  10:57  Colossus  
  175  10:58  Colossus  
  175  11:03  Extended Thermal Lance  
  175  11:05  Pylon  
  175  11:07  Forge  
  175  11:17  Adept x3  
  175  11:18  Adept  
  195  11:23  Nexus  
  195  11:24  Pylon  
  176  11:31  Adept x4  
  150  11:40  Archon x3  
  150  11:44  Adept x4  
  155  11:49  Forge  
  155  11:51  Pylon  
  136  11:54  Pylon  
  136  11:57  Pylon  
  136  11:58  Adept  
  136  11:59  Pylon, Forge, Adept x2  
  125  12:12  Pylon  
  125  12:15  Adept x2  
  114  12:30  Pylon  
  114  12:31  Nexus  
  112  12:43  High Templar  
  112  12:44  High Templar x2  
  117  12:52  Disruptor x2  
  117  13:10  Pylon  
  117  13:11  Pylon  
  117  13:27  Templar Archives  
  117  13:30  Disruptor  
  104  13:42  Adept x3  
  97  13:53  Adept x2  
  94  14:03  High Templar  
  94  14:04  High Templar  
  96  14:20  High Templar  
  93  14:26  Probe x2  
Show
View Real Time Build Order
Export as new Build Order

Jason Terran - Winner!

Build Orders: Gas First Reaper Expand 

Get SALT Encoding   

  12  0:00  SCV  
  13  0:13  SCV  
  14  0:17  Supply Depot  
  14  0:25  SCV  
  15  0:30  Refinery  
  15  0:39  SCV  
  16  0:47  Barracks  
  16  0:51  SCV  
  17  1:03  SCV  
  18  1:15  SCV  
  19  1:35  Reaper, Orbital Command  
  20  1:49  Command Center  
  20  2:00  Factory  
  20  2:04  SCV  
  21  2:10  Barracks Reactor  
  21  2:15  Supply Depot  
  21  2:20  SCV  
  22  2:32  SCV  
  22  2:46  SCV, Marine  
  22  2:47  Marine  
  22  2:48  Hellion, Starport  
  27  2:58  SCV  
  28  3:02  Orbital Command  
  28  3:06  Marine x2  
  28  3:09  Widow Mine  
  28  3:11  SCV  
  33  3:23  Marine  
  33  3:24  SCV, Marine  
  36  3:27  Orbital Command  
  36  3:29  Refinery  
  36  3:31  Medivac  
  38  3:36  SCV  
  39  3:41  Marine x2  
  41  3:48  SCV  
  41  3:51  Factory Tech Lab  
  41  3:53  SCV  
  43  3:57  Supply Depot  
  43  4:00  SCV, Marine x2  
  46  4:14  Supply Depot  
  46  4:19  SCV x2  
  48  4:26  Command Center  
  48  4:29  Siege Tank  
  48  4:31  SCV x2, Marine  
  53  4:41  Marine  
  53  4:43  SCV x2  
  54  4:46  Bunker  
  54  4:49  Marine  
  54  4:50  Viking  
  57  4:55  SCV x2  
  57  4:56  Supply Depot  
  59  5:03  Marine  
  60  5:07  SCV x2, Supply Depot  
  62  5:18  Siege Tank  
  62  5:19  SCV x2  
  66  5:27  Starport Tech Lab, Engineering Bay  
  66  5:28  Marine  
  67  5:29  Barracks  
  67  5:31  SCV x2, Barracks, Refinery  
  67  5:33  Supply Depot  
  69  5:40  Orbital Command  
  69  5:43  SCV  
  69  5:44  SCV  
  71  5:54  Starport Reactor  
  71  5:55  SCV  
  71  5:57  Terran Infantry Weapons Level 1, SCV, Missile Turret x2  
  73  5:59  Stimpack  
  73  6:01  Factory Reactor  
  71  6:04  Marauder  
  71  6:08  SCV  
  71  6:12  SCV x2  
  73  6:20  SCV, Barracks  
  73  6:21  Refinery  
  73  6:24  SCV  
  73  6:25  Barracks  
  75  6:27  SCV  
  75  6:32  SCV  
  77  6:33  Supply Depot x2  
  76  6:43  Medivac x2  
  76  6:44  Widow Mine x2  
  76  6:45  Marauder  
  86  6:48  Marauder, Marine  
  86  6:49  Marine  
  86  6:51  SCV  
  86  6:53  SCV  
  92  6:54  SCV  
  92  6:59  Orbital Command  
  93  7:02  Combat Shield  
  93  7:06  Marine, Supply Depot x2  
  94  7:14  Marine x2, Barracks Tech Lab x2  
  94  7:15  SCV x2  
  98  7:24  SCV  
  98  7:26  Refinery  
  98  7:27  SCV x2  
  100  7:32  Missile Turret  
  100  7:36  SCV, Marine  
  101  7:37  Marauder  
  101  7:39  SCV x2, Refinery  
  101  7:41  Marauder, Marine x2  
  101  7:42  Marine  
  110  7:46  Medivac  
  110  7:48  SCV  
  110  7:49  Sensor Tower  
  113  7:51  SCV x2, Terran Infantry Armor Level 1  
  113  7:57  Marine  
  116  7:59  Marauder, Supply Depot  
  116  8:00  SCV  
  116  8:01  Marine  
  116  8:03  SCV  
  116  8:04  SCV  
  122  8:07  Starport  
  122  8:09  Concussive Shells  
  122  8:12  SCV  
  123  8:13  Supply Depot  
  123  8:15  Marauder  
  125  8:21  SCV x2  
  125  8:22  Supply Depot  
  125  8:23  Supply Depot  
  125  8:24  SCV  
  128  8:29  Ghost Academy, Marine  
  128  8:31  Marine  
  128  8:33  SCV, Marine  
  132  8:35  Medivac x2  
  136  8:47  SCV x2, Marine  
  136  8:48  Marauder, Marine x2  
  143  8:49  SCV, Liberator  
  143  8:50  Liberator  
  143  8:53  Liberator, Marine x2  
  146  8:59  SCV, Liberator, Supply Depot  
  146  9:01  SCV, Supply Depot  
  148  9:05  Marine x2  
  148  9:06  Marine  
  159  9:10  Marauder  
  159  9:11  Marine  
  166  9:17  Marine  
  166  9:23  Marine x2  
  169  9:28  Marauder  
  169  9:30  Ghost  
  173  9:32  Armory  
  173  9:34  Marine  
  173  9:35  Ghost  
  173  9:36  Engineering Bay  
  176  9:39  Supply Depot  
  176  9:41  Marine x2  
  176  9:42  Supply Depot x2  
  178  9:49  Ghost  
  179  9:56  Marine  
  179  9:58  Widow Mine  
  179  9:59  Ghost  
  186  10:00  Marauder  
  186  10:10  Marine  
  186  10:11  Marauder  
  186  10:13  Marine  
  188  10:17  Marine  
  182  10:21  Marauder  
  182  10:23  Widow Mine  
  182  10:27  Ghost  
  173  10:31  Marine  
  173  10:32  Ghost, Marine  
  173  10:35  Ghost  
  176  10:39  Terran Infantry Weapons Level 2  
  176  10:41  Terran Infantry Armor Level 2  
  176  10:42  Ghost  
  177  10:45  Liberator  
  177  10:47  Liberator  
  177  10:49  Marine  
  177  10:50  Marine  
  177  10:56  Ghost  
  175  11:01  Marauder  
  175  11:02  Widow Mine  
  177  11:04  Marauder  
  177  11:07  Marine  
  177  11:08  Marine  
  177  11:11  Command Center, Marine  
  185  11:22  Marine  
  185  11:23  Widow Mine  
  185  11:25  Marauder, Marine x3  
  188  11:28  Marine  
  188  11:31  Liberator  
  177  11:40  Marine  
  177  11:42  Marine  
  177  11:43  Marine x2  
  177  11:45  Widow Mine  
  177  11:46  Marauder  
  185  11:47  Marauder  
  186  11:57  Marine  
  186  12:00  Marine  
  188  12:01  Marauder, Marine  
  188  12:06  Widow Mine  
  188  12:07  Marine  
  193  12:08  Marauder  
  193  12:15  Marine  
  193  12:18  Marine  
  193  12:19  Marine  
  198  12:23  Marauder  
  198  12:26  Marauder  
  198  12:29  Marine  
  199  12:33  Marine  
  199  12:35  Widow Mine  
  199  12:36  Marine  
  197  12:37  Viking x2, Marine  
  197  12:39  Liberator x2  
  197  12:44  Marine  
  184  12:47  Marauder, Marine  
  184  12:51  Marine  
  187  12:54  Marine x2  
  187  12:56  Widow Mine  
  198  13:02  Marauder  
  200  13:06  Starport  
  200  13:07  Starport  
  200  13:12  Barracks  
  200  13:13  Barracks  
  200  13:15  Barracks  
  200  13:19  Marine  
  200  13:33  Sensor Tower  
  200  13:39  Liberator  
  200  13:40  Liberator x2  
  190  13:47  Marauder, Marine x2  
  190  13:48  Marine x2  
  176  13:49  Marauder  
  176  13:50  Widow Mine  
  163  14:02  Barracks Tech Lab x2  
  170  14:03  SCV x3, Barracks Tech Lab  
  170  14:04  Marine x2  
  170  14:06  Marauder, Marine  
  170  14:09  Marauder, Marine  
  180  14:11  Widow Mine  
  180  14:15  Sensor Tower  
  183  14:22  Marine x2  
  185  14:24  Marauder  
  185  14:25  Marine x2  
  185  14:27  Marine  
  192  14:34  Sensor Tower  
Tags
 
Add a new tag
Caveats
  • Supply blocks, unpowered buildings, or Contaminate may cause inaccurate times.
  • Supply counts are checked every 10 seconds.